[Event "French-ch U16-U18 2024"]
[Site "Agen"]
[Date "2024.04.21"]
[Round "9.14"]
[White "Milojevic-Daim, Lola-Shaina"]
[Black "Dufeux, Elia"]
[Result "1/2-1/2"]
[ECO "B22"]
[WhiteElo "1867"]
[BlackElo "1728"]
[Annotator "NA COMBH"]
[PlyCount "151"]
[EventDate "2024.04.14"]
[EventType "swiss"]
[EventCountry "FRA"]
[SourceTitle "playchess.com"]
[Source "ChessBase"]
[SourceQuality "1"]
[TimeControl "5400+30"]

1. e4 c6 2. c4 d5 3. cxd5 cxd5 4. exd5 Qxd5 5. Nc3 Qd8 6. d4 e6 7. Nf3 Nf6 8. Bf4 a6 9. Be2 Nc6 10. O-O Be7 11. Ne5 {[%emt 0:00:00] B22: Sicilian: 2 c3.} (11. Rc1 {feels stronger.}) 11... O-O 12. Nxc6 bxc6 13. Bf3 Nd5 14. Be3 ({Better is} 14. Be5 $14) 14... a5 15. Rc1 Ba6 16. Re1 Rc8 (16... Nxe3 $15 {should be considered.} 17. fxe3 Rb8) 17. a3 Bd6 (17... Nxe3 $15 18. fxe3 c5) 18. Qa4 (18. Ne4 $1 $14) 18... Qb6 19. Ne4 Bf4 20. Nc5 Bb5 21. Qc2 Rfd8 22. Qb3 Rb8 23. g3 Bd6 24. Bd2 Bxc5 25. Rxc5 a4 26. Qc2 Rd6 27. Bxd5 Rxd5 28. Rxd5 cxd5 29. Bc3 Qa6 30. Qd2 Bc4 31. f4 Qd6 32. Qe3 Qd7 33. Qe5 Rc8 34. g4 Bb5 35. Re3 Qc6 36. h4 Qc4 37. Re1 Qd3 38. Qe3 Qg6 39. Qf3 h5 40. g5 Bd3 41. Kf2 Qf5 42. Re5 Qg6 43. Re3 Bc2 44. Qe2 Qf5 45. Qxh5 (45. Kg3 $1 $11 {and White has nothing to worry.}) 45... Qxf4+ 46. Rf3 $2 (46. Qf3 $17 Qxh4+ 47. Qg3 Qxg3+ 48. Kxg3) 46... Qh2+ 47. Ke3 Qg1+ 48. Rf2 {[%emt 0:00:18] [#]} g6 $2 (48... Bg6 $1 $19 49. Qe2 e5 50. dxe5 Rc4) 49. Qf3 Rc7 (49... Bf5 $17 50. Kf4 Be4) 50. Qg2 $2 (50. Qf4 $11 Rb7 51. Qh2 Qc1+ 52. Rd2) 50... Qc1+ 51. Rd2 $1 $11 {[%emt 0:00:16] and White is okay.} Qe1+ $2 (51... Rxc3+ $19 52. bxc3 Be4) 52. Re2 $2 (52. Qe2 $1 $11 {and White is okay.} Qc1 (52... Qxh4 53. Rxc2 Qxg5+ 54. Kd3 $16) 53. Kf2) 52... Qc1+ 53. Kf2 $2 Qf4+ 54. Kg1 Be4 55. Qh2 $2 ({Only move:} 55. Qh3 $1 $15) 55... Qg4+ 56. Kf1 Rb7 $2 (56... Rxc3 $19 57. bxc3 Bd3) 57. Ke1 $1 Bd3 58. Rf2 Qe4+ 59. Kd2 Bc4 60. Qf4 Qd3+ 61. Kc1 Bb3 62. Qd2 Qh3 63. Qf4 Qd3 64. Qd2 Qh3 65. Qf4 Bc4 66. Kd2 Qd3+ 67. Kc1 {[%emt 0:00:05] [#]} Bb3 ({Black should try} 67... Ba2 $1 $17) 68. Qd2 Qg3 69. Qf4 Qh3 70. Kd2 Qh1 (70... Bc4 $1 $15) 71. Rf1 Qg2+ 72. Rf2 Qg1 73. Rf1 Qg2+ 74. Rf2 Qg1 75. Rf1 Qg2+ 76. Rf2 $11 1/2-1/2

[Event "French-ch U16-U18 2024"]
[Site "Agen"]
[Date "2024.04.21"]
[Round "9.15"]
[White "Riss, Selenia"]
[Black "Personne, Solene"]
[Result "0-1"]
[ECO "B50"]
[WhiteElo "1763"]
[BlackElo "1719"]
[Annotator "NA RC COMBH"]
[PlyCount "88"]
[EventDate "2024.04.14"]
[EventType "swiss"]
[EventCountry "FRA"]
[SourceTitle "playchess.com"]
[Source "ChessBase"]
[SourceQuality "1"]
[TimeControl "5400+30"]

1. e4 c5 2. Nf3 d6 3. c3 Nf6 4. h3 e6 5. Bd3 Nbd7 6. O-O Ne5 7. Bc2 Qc7 8. a4 Be7 9. Na3 O-O 10. Nh2 d5 11. f4 Ng6 12. e5 Nd7 13. Qg4 f5 14. Qh5 b6 15. g4 Bb7 16. gxf5 exf5 17. Bxf5 Qc6 18. d3 Rfe8 19. Qg4 Ndf8 20. Nc2 Nh4 21. Ne3 Nxf5 22. Nxf5 Ng6 23. Nxe7+ Rxe7 24. d4 cxd4 25. cxd4 Rf8 26. Bd2 a5 27. f5 Nh8 28. Bg5 Ree8 29. Rfc1 Qd7 30. e6 Qd6 31. Bf4 Qb4 32. Be5 g6 33. Rc7 Re7 34. Rac1 Rxf5 35. Rxe7 Qxe7 36. Rc7 Qb4 37. Rg7+ Kf8 38. e7+ Ke8 39. Rg8+ Kxe7 40. Qh4+ g5 41. Qxh7+ Rf7 42. Qd3 Qe1+ 43. Kg2 Rf2+ 44. Kg3 Qg1# 0-1

[Event "French-ch U16-U18 2024"]
[Site "Agen"]
[Date "2024.04.21"]
[Round "9.16"]
[White "Razafindratsima, Timothe"]
[Black "Fischler, Oscar"]
[Result "1-0"]
[ECO "C84"]
[WhiteElo "2438"]
[BlackElo "2275"]
[Annotator "TA"]
[PlyCount "85"]
[EventDate "2024.04.14"]
[EventType "swiss"]
[EventCountry "FRA"]
[SourceTitle "playchess.com"]
[Source "ChessBase"]
[SourceQuality "1"]
[TimeControl "5400+30"]

1. e4 e5 2. Nf3 Nc6 3. Bb5 a6 4. Ba4 Nf6 5. O-O Be7 6. d3 b5 7. Bb3 d6 8. c3 Na5 9. Bc2 c5 10. d4 Qc7 {[%emt 0:11:42] The position is equal.} 11. d5 O-O 12. h3 Bd7 13. b3 c4 14. Be3 Rfc8 15. Nfd2 Be8 (15... Nb7 $14) 16. Kh1 (16. b4 $16) 16... Bf8 (16... Nb7 $11 {keeps the balance.}) 17. f4 (17. b4 $16) 17... Nd7 (17... exf4 $11 18. Bd4 (18. Bxf4 cxb3 19. axb3 Nb7 $11) 18... cxb3 19. axb3 Nd7) 18. b4 $14 Nb7 19. a4 a5 (19... exf4 $142 20. Rxf4 (20. Bxf4 Ne5 $16) 20... Ne5) 20. Na3 $16 (20. axb5 axb4 21. Rxa8 Rxa8) 20... bxa4 21. Ndxc4 axb4 (21... exf4 $142 22. Bd4 (22. Rxf4 Ne5 $16) 22... Rcb8) 22. cxb4 exf4 23. Bd4 (23. Bxf4 Ne5 24. Bd3 Nd8 $16) 23... Nd8 24. Bxa4 {[%emt 0:14:10] White is much more active.} Ne5 25. Bxe8 Nxc4 26. Nxc4 Qxc4 {[%emt 0:00:58] [#]} (26... Rxa1 $14 27. Qxa1 Qxc4) 27. b5 (27. Rb1 $1 $16) 27... Ne6 $2 {[%emt 0:03:56][%mdl 8192] Loses the game.} 28. Bxf7+ $18 Kxf7 29. dxe6+ Qxe6 30. Rxf4+ Kg8 31. Ba7 (31. b6 $142 {Threatens to win with b7.} d5 32. Ra7 Rxa7 33. bxa7 dxe4 34. Qb1) 31... g5 $2 (31... Qe5) 32. Rf5 Bg7 33. Rxg5 {[%emt 0:02:29] Threatening mate with Bd4.} Qf6 (33... h6 $142) 34. Rg4 {[%emt 0:01:15] aiming for Bd4.} Kf8 {[%emt 0:04:25] [#]} 35. e5 $1 Qxe5 (35... Qe6 36. b6) 36. Bd4 Rxa1 37. Qxa1 Qxb5 38. Bxg7+ Ke8 39. Qf6 (39. Bd4 $142 Qb3 40. Qe1+ Kd7 41. Rg7+ Kc6 42. Qc1+ (42. Rxh7 Qc2 $18) 42... Kd5 43. Qxc8 Kxd4 44. Rg4+ (44. Rxh7 Qb1+ 45. Kh2 Qxh7 $16) 44... Ke5 45. Qh8+ Ke6 46. Qg8+ (46. Qxh7 Qd1+ 47. Kh2 Qf1 48. Qe4+ Kf7 49. Rf4+ Qxf4+ 50. Qxf4+ Ke7) 46... Ke5 47. Qxb3) 39... Rc1+ 40. Kh2 {[%emt 0:00:06] Qe6+ would kill now.} Qc5 41. Qe6+ Kd8 42. Bd4 Qa3 43. Bb6+ {[%emt 0:00:06] Weighted Error Value: White=0.38/Black=0.90.  Loses game:     	---       	Black=1      Mistake:       	White=3     	Black=6      Inaccurate:     	White=2     	Black=4      OK:         	White=6     	Black=4      Best:        	White=2     	Black=1} 1-0

[Event "French-ch U16-U18 2024"]
[Site "Agen"]
[Date "2024.04.21"]
[Round "9.17"]
[White "Makkar, Rajat"]
[Black "Belkaid, Sohan"]
[Result "1-0"]
[ECO "A14"]
[WhiteElo "2452"]
[BlackElo "2412"]
[Annotator "TA"]
[PlyCount "91"]
[EventDate "2024.04.14"]
[EventType "swiss"]
[EventCountry "FRA"]
[SourceTitle "playchess.com"]
[Source "ChessBase"]
[SourceQuality "1"]
[TimeControl "5400+30"]

1. c4 e6 2. g3 d5 3. Bg2 Nf6 4. Nf3 Be7 5. O-O O-O 6. b3 c5 7. e3 Nc6 8. Bb2 b6 9. Nc3 Ba6 10. Qe2 Rc8 11. Rfd1 Qc7 12. Rac1 {[%emt 0:01:45] The position is equal.} Rfd8 13. d3 Qb8 14. Nb5 Bb7 15. d4 Ne4 (15... cxd4 $11 16. exd4 h6) 16. cxd5 $16 exd5 17. Bh3 a6 18. Bxc8 Bxc8 19. Nc3 Bg4 {[%emt 0:00:45] ...Ng5 would now be deadly.} 20. h3 $1 Bxh3 {[%emt 0:07:04] ...Bg4 is the strong threat.} 21. Nxe4 $1 (21. Qxa6 $6 Nb4 22. Qb5 Bd7 $15) 21... dxe4 22. Ne5 {[%emt 0:02:17] Wards off Bg4} (22. Nd2 $16 {Black must now prevent dxc5.} Bf5 23. dxc5 (23. Qxa6 Nb4 $15) 23... bxc5 24. Nc4 (24. Qxa6 Nb4 $11)) 22... Nxe5 $15 23. dxe5 Re8 (23... Rxd1+ $1 $15 24. Qxd1 (24. Rxd1 Qc8 $15) 24... Qb7) 24. Qxa6 $14 Bg4 $1 25. Qc4 Qa8 26. Rd2 h5 (26... Qc6 $11) 27. Qd5 Qxd5 28. Rxd5 Bf8 29. Rd2 Bf3 $2 {[%emt 0:03:17] [#]} (29... Be6 $14) 30. b4 $1 cxb4 $16 31. Rc7 Ra8 32. Bd4 {[%emt 0:01:30][%cal Od2c2] White is more active.} Ra3 (32... Bg4 $16 {keeps fighting.}) 33. Rc1 (33. Bxb6 $18 g5 34. Rc1) 33... Ra6 $2 {[%emt 0:01:13] [#]} (33... b5 $16) 34. Rc8 $1 $18 {[%emt 0:00:45] Hoping for Rb2.} h4 $2 (34... Bg4 {was worth a try.} 35. Rb8 Ra3) 35. gxh4 {[%emt 0:01:04] White is clearly winning.} b3 36. axb3 b5 {[#]} 37. e6 $1 Rxe6 38. Bc5 Rg6+ 39. Kf1 Ra6 40. Rxf8+ Kh7 {[%emt 0:00:01] ( -> ...Ra1+)} 41. Kg1 (41. Rxf7 $2 {leads to mate.} Ra1+) 41... Ra1+ 42. Kh2 Rh1+ 43. Kg3 f6 44. Rd5 Kg6 {[%emt 0:00:29] [#]} 45. h5+ $1 Bxh5 (45... Rxh5 46. Rxh5) 46. Rh8 {[%emt 0:00:00] Weighted Error Value: White=0.17 (very precise) /Black=0.42.  Loses game:     	---       	Black=1      Mistake:       	White=3     	Black=6      Inaccurate:     	White=3     	Black=2      OK:         	White=10    	Black=8      Best:        	White=4     	Black=2      Strong:       	White=3     	Black=1} 1-0

[Event "French-ch U16-U18 2024"]
[Site "Agen"]
[Date "2024.04.21"]
[Round "9.18"]
[White "Warnier, Yanis"]
[Black "Bat, Bilguun"]
[Result "1-0"]
[ECO "B53"]
[WhiteElo "2116"]
[BlackElo "2360"]
[Annotator "TA"]
[PlyCount "137"]
[EventDate "2024.04.14"]
[EventType "swiss"]
[EventCountry "FRA"]
[SourceTitle "playchess.com"]
[Source "ChessBase"]
[SourceQuality "1"]
[TimeControl "5400+30"]

1. e4 c5 2. Nf3 d6 3. d4 cxd4 4. Qxd4 Nc6 5. Qe3 g6 6. Be2 {[%emt 0:01:16] B53: Sicilian: 2...d6: Lines with Qxd4.} Bg7 7. h3 Nf6 8. O-O O-O 9. Rd1 Be6 10. Nc3 Rc8 11. a3 a6 12. Rb1 Na5 $146 ({Predecessor:} 12... b5 13. Nd5 Bxd5 14. exd5 Na5 15. c3 Nc4 16. Qg5 Re8 17. Qh4 Qd7 18. Bh6 Nb6 {½-½ Brkic,A (2593)-Paravyan,D (2653) Molodezhka-CRO online blitz 2020}) 13. Nd4 Bd7 14. b3 Nc6 15. Nf3 Nh5 16. Nd5 f5 17. exf5 gxf5 ({Better is} 17... Bxf5 $14 18. Rd2 Nf6) 18. Ng5 $1 $18 e5 19. Qf3 (19. Bxh5 f4 20. Bf7+ Kh8 21. Nxf4 exf4 (21... Qxg5 $2 22. Ng6+ $18) 22. Qxf4 h6) 19... Nf6 20. Nxf6+ Qxf6 21. Bc4+ Kh8 22. Qh5 h6 23. Nf7+ Rxf7 24. Qxf7 Qxf7 25. Bxf7 Nd4 26. c4 Bc6 27. Kf1 Be4 28. Rb2 f4 29. f3 Bc6 30. Rbd2 Nxb3 (30... Rc7 {might work better.} 31. Bg6 d5 32. cxd5 Bxd5) 31. Rxd6 $18 Nxc1 32. Rxc1 Bf8 33. Rd3 Bc5 (33... Rc7 $16 {is a better defense.} 34. Bd5 Ba4) 34. Rb1 ({White should play} 34. Bd5 $18) 34... e4 {[%emt 0:03:42] [#]} 35. Rd5 $2 ({Stronger than} 35. fxe4 Bxe4 36. Rbb3 Bxd3+ 37. Rxd3 Kg7 $11) (35. Rdb3 $1 $16 ) 35... Bxd5 $11 36. Bxd5 exf3 (36... e3 {seems wilder.} 37. Bxb7 Rb8 38. a4 Kg7) 37. gxf3 (37. Rxb7 $2 {loses.} f2 (37... fxg2+ 38. Kxg2 Bxa3 39. Kf3 $14) 38. Rb1 h5 $17) 37... b6 38. a4 Rc7 39. Rb2 Kg7 40. Ke1 Kf6 41. Rg2 Re7+ 42. Be4 Ke5 43. Rg6 Kd4 44. Rxh6 Ke3 45. Kd1 Rg7 46. a5 bxa5 47. Rxa6 Rg1+ 48. Kc2 Ra1 49. Kb3 Ra3+ (49... Kd2 $5 50. Kb2 $8 Ra4 $17) 50. Kb2 Ra4 51. Bd5 Bd4+ 52. Kb3 Ra1 53. Ra8 Kd2 54. Be4 Bc5 55. h4 $2 {[%emt 0:00:17][%mdl 8192] [#]} (55. Kb2 $11 Bd4+ 56. Kb3) 55... Ra3+ $2 (55... Kc1 $1 {mates} 56. Rxa5 Rxa5 57. Bh7 Ra3#) 56. Kb2 $11 a4 57. Rd8+ Ke3 $1 58. h5 (58. Bc2 $5 Kxf3 59. h5 $16) 58... Rb3+ 59. Ka2 Rb6 $2 (59... Ra3+ $11 60. Kb2 Rb3+ 61. Kc2 Bd4) 60. Rd3+ $18 Ke2 61. Rd5 Bf8 (61... Be3 $142 62. Rf5 Kd2) 62. c5 Rb4 (62... Rc6 $142 63. Rd8 Rxc5 64. Rxf8 Rxh5 65. Rxf4 Ke3) 63. Ka3 Rxe4 64. fxe4 f3 65. Rf5 Be7 66. Kxa4 f2 67. c6 Bd6 68. h6 Ke3 69. Rxf2 1-0

[Event "French-ch U16-U18 2024"]
[Site "Agen"]
[Date "2024.04.21"]
[Round "9.19"]
[White "De Carvalho Massabo, Raphael"]
[Black "Pichon, Ewen"]
[Result "0-1"]
[ECO "C55"]
[WhiteElo "2105"]
[BlackElo "2252"]
[Annotator "TA"]
[PlyCount "66"]
[EventDate "2024.04.14"]
[EventType "swiss"]
[EventCountry "FRA"]
[SourceTitle "playchess.com"]
[Source "ChessBase"]
[SourceQuality "1"]
[TimeControl "5400+30"]

1. e4 e5 2. Nf3 Nc6 3. Bc4 Nf6 4. d3 h6 5. O-O d6 6. a4 g6 7. Nc3 Bg7 8. h3 O-O 9. a5 a6 10. Re1 Qe8 11. Ra3 {[%emt 0:09:06][%cal Ba1a3,Ba3b3,Bb3b7][%mdl 32] White is slightly better.} Kh7 12. Be3 Be6 13. Nd5 Bxd5 14. exd5 (14. Bxd5 $11 Nxd5 15. exd5) 14... Ne7 $15 15. Rb3 Nfxd5 {[%emt 0:04:49] Black converts the advantage convincingly.} 16. Rxb7 Qc6 17. Bxd5 $1 Nxd5 18. Rb3 Rab8 19. Nd2 {[%emt 0:05:22] [#]} (19. Rxb8 $142 Rxb8 20. Bc1) 19... f5 $1 $17 {[%emt 0:02:54] White must now prevent ...f4. Black is more active.} 20. Rxb8 Rxb8 21. Nb3 {[%emt 0:00:03] [#]} Nb4 $1 22. Re2 (22. Na1 $17) 22... f4 $40 {[%emt 0:00:44][%mdl 128] Black wants a kill.} 23. Bc1 f3 24. gxf3 Qxf3 25. Qf1 Qc6 ({But not} 25... Nxd3 $2 26. Re3 Qxf2+ 27. Qxf2 Nxf2 28. Kxf2 $18) 26. d4 $2 (26. Qd1 $17) 26... Nxc2 (26... exd4 $2 27. Re7 Nd5 (27... Nxc2 28. Qe2 $17) (27... Qxc2 $2 {perishes.} 28. Nxd4 Qd3 29. Ne6 $18) 28. Nxd4 $17) 27. Qd1 Nxd4 28. Nxd4 exd4 29. Re7 Re8 30. Rxg7+ {[%emt 0:02:36] Black is clearly winning.} Kxg7 31. Qxd4+ Kh7 32. Bd2 {[%emt 0:02:25] Wards off Re1+} Re5 33. h4 Re4 {[%emt 0:03:34] Weighted Error Value: White=0.51/Black=0.06 (flawless) .  Loses game:     	White=1     	---        Mistake:       	White=3     	---        Inaccurate:     	White=3     	Black=1      OK:         	White=8     	Black=13     Best:        	---       	Black=2      Strong:       	White=1     	Black=1} 0-1

[Event "French-ch U16-U18 2024"]
[Site "Agen"]
[Date "2024.04.21"]
[Round "9.20"]
[White "Lesueur, Gabriel"]
[Black "Mendoza, Mael"]
[Result "0-1"]
[ECO "B96"]
[WhiteElo "2235"]
[BlackElo "2088"]
[Annotator "TA"]
[PlyCount "60"]
[EventDate "2024.04.14"]
[EventType "swiss"]
[EventCountry "FRA"]
[SourceTitle "playchess.com"]
[Source "ChessBase"]
[SourceQuality "1"]
[TimeControl "5400+30"]

1. e4 c5 2. Nf3 d6 3. d4 cxd4 4. Nxd4 Nf6 5. Nc3 a6 6. Bg5 e6 7. f4 h6 8. Bh4 Qb6 9. a3 Nbd7 (9... Qxb2 $2 10. Na4 $18) 10. Bf2 {[%emt 0:00:06][%cal Od4e6] And now Nxe6! would win.} Qc7 (10... Qxb2 $2 11. Na4 $18) 11. Qf3 b5 {[%emt 0:04:06] The position is equal.} 12. O-O-O Bb7 13. g4 d5 14. e5 Ne4 15. Nxe4 dxe4 16. Qe3 Rc8 17. Kb1 (17. Bg2 $1 $11 {remains equal.}) 17... Bd5 (17... Bc5 $17 18. c3 Nb6) 18. f5 {[%emt 0:16:51] [#]} (18. Bg2 $11 {keeps the balance.}) 18... Nxe5 ({Black should try} 18... Bc5 $1 $17 {[%cal Rc5d4] White must now prevent ...Bxd4.} 19. c3 (19. fxe6 $2 fxe6 20. c3 O-O $19) 19... O-O (19... Qxe5 20. Bg3 $17)) 19. fxe6 Nxg4 ({Black should play} 19... fxe6 $17 20. Bg3 Nc4) 20. exf7+ $11 Kxf7 21. Qh3 Nxf2 22. Qf5+ Kg8 $1 {[%emt 0:00:59][%cal Oc7f7] [#] Hoping for ...Qf7!} 23. Qxd5+ {[%emt 0:00:11] This move loses the game for White.} (23. Qxf2 $11 Qe5 (23... e3 24. Qxe3 Qf7 25. Rg1 $18) 24. Bg2) 23... Qf7 $19 24. Qe5 (24. Qxf7+ Kxf7 25. Bg2 Nxd1 26. Rf1+ Kg8 27. Rxd1) 24... Re8 {[%emt 0:03:51] Black is clearly winning.} 25. Qg3 Nxh1 26. Qc3 Nf2 27. Re1 g6 28. a4 Bg7 {[%emt 0:06:33] Strongly threatening ...Rd8.} (28... bxa4 $2 {too greedy.} 29. Bc4 Rh7 30. Bxf7+ Rxf7 31. Qc6 $18) 29. axb5 Kh7 30. bxa6 Qd5 {[%emt 0:00:41] Weighted Error Value: White=0.60/Black=0.20 (precise) .  Loses game:     	White=1     	---        Mistake:       	White=3     	Black=3      Inaccurate:     	White=2     	Black=1      OK:         	White=4     	Black=5      Best:        	White=1     	Black=2      Strong:       	---       	Black=1} 0-1